 Dungeon Crawl Stone Soup version 0.19-a0-1886-gd64a0f0 (console) character file.

288 brucemayne the Chopper (level 6, -1/46 HPs)
             Began as a Vampire Berserker on Oct 15, 2016.
             Was a Follower of Trog.
             Splashed by a jelly's acid (3 damage)
             ... on level 5 of the Dungeon.
             The game lasted 00:03:24 (508 turns).

brucemayne the Chopper (Vampire Berserker)           Turns: 508, Time: 00:03:24

Health: -1/46      AC:  0    Str: 17    XL:     6   Next: 9%
Magic:  7/15       EV: 12    Int:  9    God:    Trog [*.....]
Gold:   35         SH:  0    Dex: 15    Spells: 0 memorised, 5 levels left

rFire  . . .     SeeInvis +     a - +0 hand axe
rCold  + . .     Gourm    .     e - +0 leather armour
rNeg   + + .     Faith    .     (no shield)
rPois  +         Spirit   .     (no helmet)
rElec  .         Dismiss  .     (no cloak)
rCorr  .         Reflect  .     (no gloves)
MR     .....     Harm     .     (no boots)
Stlth  ++........               (no amulet)
                                (no ring)
                                d - ring of magical power

@: lethally poisoned (-1 -> -6), exhausted, about to teleport, corroded,
regenerating slowly, slowed, very slow
A: fangs 3, see invisible, unbreathing
a: Bat Form, Berserk, Burn Spellbooks, Renounce Religion


You were on level 5 of the Dungeon.
You worshipped Trog.
Trog was aware of your devotion.
You were thirsty.

You visited 1 branch of the dungeon, and saw 5 of its levels.

You collected 35 gold pieces.

Inventory:

Hand Weapons
 a - a +0 hand axe (weapon)
Armour
 b - a +0 animal skin
 e - a +0 leather armour (worn)
Jewellery
 d - a ring of magical power (left hand)
Scrolls
 f - a scroll of remove curse
Potions
 h - a potion of might {unknown}
 i - a potion of curing {unknown}
 j - a potion of resistance {unknown}


   Skills:
 - Level 2.6 Fighting
 + Level 6.2 Axes
 - Level 1.5 Armour
 - Level 2.1 Dodging


You had 5 spell levels left.
You didn't know any spells.

Dungeon Overview and Level Annotations

Branches:
Dungeon (5/15)
 Temple: D:4-7

Altars:


Innate Abilities, Weirdness & Mutations

You heal slowly.
You have razor-sharp teeth.
You have supernaturally acute eyesight. (SInv)
You can survive without breathing.


Message History

You feel strangely unstable.
It was a scroll of teleportation.
You feel sick. The worker ant closely misses you. The jelly closely misses you.
The worker ant bites you but does no damage.
The jelly hits you.
You are splashed with acid!
The acid burns!
* * * LOW HITPOINT WARNING * * *
You feel sick. The worker ant misses you. The worker ant bites you.
* * * LOW HITPOINT WARNING * * *
You barely miss the worker ant. You hit the jelly but do no damage.
Your hands burn!
* * * LOW HITPOINT WARNING * * *
The worker ant closely misses you.
The jelly hits you but does no damage. x2
The worker ant bites you.
* * * LOW HITPOINT WARNING * * *
Unknown command.
Unknown command.
You hit the worker ant but do no damage.
You bite the worker ant!
The worker ant is moderately wounded.
You hit the jelly but do no damage. The acid corrodes you!
Your hands burn!
You die...

####...##.#####
.# ##.###.# .#
# #.# #.#
.##.## #.#
#a######......
#.#
#...a.........
#.#
########......
#.# w.....
########a#
#.....
.......J@#
##.##
###.###### ..#
.. .


You could see a jelly and a worker ant.

Vanquished Creatures
  A water moccasin (D:5)
  An ogre (D:5)
  An iguana (D:5)
  2 worker ants (D:5)
  A dart slug (D:3)
  An orc (D:5)
  A ball python (D:1)
  A giant cockroach (D:5)
  2 goblins
  2 hobgoblins (D:1)
  A bat (D:2)
  A frilled lizard (D:3)
  2 kobolds (D:1)
  14 rats
31 creatures vanquished.

Notes
Turn   | Place    | Note
-------+----------+-------------------------------------------
     0 | D:1      | brucemayne the Vampire Berserker began the quest for the Orb.
     0 | D:1      | Reached XP level 1. HP: 17/17 MP: 1/1
    19 | D:1      | Reached skill level 3 in Axes
    34 | D:1      | Reached XP level 2. HP: 12/23 MP: 2/2
   264 | D:3      | Reached ** piety under Trog
   317 | D:5      | Entered Level 5 of the Dungeon
   317 | D:5      | Noticed an ogre
   320 | D:5      | Noticed a water moccasin
   327 | D:5      | Killed an ogre
   327 | D:5      | Reached skill level 4 in Axes
   327 | D:5      | Reached XP level 3. HP: 28/28 MP: 3/3
   327 | D:5      | Reached XP level 4. HP: 34/34 MP: 4/4
   328 | D:5      | Reached skill level 5 in Axes
   332 | D:5      | Reached XP level 5. HP: 20/39 MP: 5/5
   335 | D:5      | Killed a water moccasin
   335 | D:5      | Reached skill level 6 in Axes
   453 | D:5      | Reached XP level 6. HP: 20/46 MP: 5/6
   507 | D:5      | HP: 2/46 [worker ant (4)]
   508 | D:5      | Splashed by a jelly's acid

Vault maps used:
D:1:      erik_arrival_orb_chamber
D:2:      grunt_temple_overflow_growth_and_decay
D:3:      uniq_iyjb
D:4:      first_bread, nicolae_underground_beach
D:5:      chequers_ossuary_entry_cave, basic_altar

Skill      XL: |  1  2  3  4  5 |
---------------+----------------+-----
Axes           | 3 4 5 6 |  6.2
Fighting       | |  2.6
Armour         | |  1.5
Dodging        | |  2.1

Action                   |  1- 3 |  4- 6 || total
-------------------------+-------+-------++-------
Melee: Hand axe          |    67 |    17 ||    84
       Bite              |     4 |     4 ||     8
Invok: Trog's Hand       |     1 |     2 ||     3
       Berserk           |     1 |     1 ||     2
 Abil: End Transformatio |       |     2 ||     2
       Bat Form          |       |     2 ||     2
  Use: Scroll            |     1 |     1 ||     2
       Potion            |       |     1 ||     1
Armor: Animal skin       |     4 |       ||     4
       Leather armour    |     3 |     5 ||     8
Dodge: Dodged            |    40 |    12 ||    52
